Map: Ever Dream LE

Players

jheffe

  • Race: Terran Terran
  • League: Master
  • Spawn Location: 7:00

Semper - Winner!

  • Race: Protoss Protoss
  • Spawn Location: 1:00

Event: DreamHack SC2 Masters 2020 Summer North America

VOD

Have the link to the VOD?

Description

Time

  • Played on: July 5, 2020, 3:24 p.m.
  • Length: 15:26

All games in this series

Show
View Real Time Build Order
Export as new Build Order

jheffe Terran 

Build Orders: Reaper Expand 

Get SALT Encoding   

  12  0:00  SCV  
  13  0:13  SCV  
  14  0:17  Supply Depot  
  14  0:25  SCV  
  15  0:38  SCV  
  15  0:40  Barracks  
  16  0:43  Refinery  
  16  0:50  SCV  
  17  1:02  SCV  
  18  1:14  SCV  
  19  1:27  Reaper  
  19  1:28  Orbital Command  
  20  1:48  Command Center  
  20  1:52  Supply Depot  
  20  1:54  SCV  
  20  2:00  Marine  
  22  2:06  SCV  
  23  2:09  Factory  
  23  2:18  SCV  
  23  2:20  Barracks Reactor, Bunker  
  24  2:32  Refinery  
  24  2:34  SCV  
  25  2:37  Barracks  
  25  2:46  SCV  
  26  2:52  Factory Tech Lab  
  26  2:57  Marine x2  
  28  2:58  SCV  
  28  3:01  Orbital Command  
  28  3:13  SCV  
  28  3:15  Marine x2  
  28  3:19  Siege Tank  
  34  3:25  Barracks Tech Lab, SCV  
  35  3:27  SCV  
  35  3:32  Supply Depot  
  35  3:33  Marine  
  37  3:40  SCV x2  
  39  3:45  Combat Shield  
  39  3:47  Marauder  
  41  3:51  Marine x2  
  41  3:54  SCV  
  45  3:55  SCV  
  45  4:01  Siege Tank  
  48  4:06  SCV  
  48  4:07  Supply Depot  
  48  4:08  SCV  
  50  4:12  Marauder  
  50  4:14  Marine  
  50  4:15  Marine  
  54  4:21  Supply Depot  
  54  4:29  SCV x2  
  54  4:30  Supply Depot  
  56  4:32  Marine x2  
  58  4:41  SCV  
  59  4:46  SCV  
  59  4:47  Supply Depot  
  59  4:48  Marine  
  59  4:49  Siege Tank  
  64  4:53  SCV  
  65  5:00  SCV  
  65  5:02  Marine  
  65  5:05  Marine, SCV  
  69  5:08  Stimpack, Command Center  
  69  5:12  SCV  
  67  5:26  SCV  
  54  5:30  Marauder, Marine x2  
  54  5:35  Engineering Bay  
  54  5:36  Siege Tank, Engineering Bay  
  54  5:37  SCV  
  54  5:40  SCV  
  54  5:41  Refinery x2  
  56  5:48  Starport  
  56  5:49  SCV  
  57  5:52  SCV  
  57  5:54  Barracks  
  57  5:56  Marine  
  57  5:57  Marine x2  
  59  6:01  SCV  
  59  6:03  Terran Infantry Weapons Level 1  
  58  6:12  Terran Infantry Armor Level 1  
  58  6:13  SCV  
  58  6:14  Marine  
  58  6:15  SCV  
  60  6:28  Marine  
  60  6:29  Marauder, SCV  
  60  6:32  Siege Tank, Starport Reactor  
  62  6:33  SCV  
  62  6:41  SCV  
  62  6:45  Barracks Tech Lab, SCV  
  62  6:50  Marauder  
  62  6:51  Barracks  
  62  6:52  Barracks  
  62  6:53  Marine x2, SCV  
  66  6:54  Concussive Shells  
  66  6:58  SCV  
  67  7:05  Siege Tank, Marauder  
  67  7:06  SCV  
  73  7:09  Medivac  
  73  7:10  SCV  
  73  7:12  Marine x2  
  73  7:13  Marauder  
  81  7:16  Orbital Command  
  81  7:18  SCV  
  81  7:22  SCV  
  82  7:28  Armory  
  82  7:29  Marauder  
  84  7:30  SCV  
  84  7:32  Medivac  
  84  7:34  SCV  
  84  7:36  Marine x2  
  90  7:37  Supply Depot  
  90  7:41  Medivac  
  90  7:42  SCV, Barracks Tech Lab  
  93  7:46  SCV x2  
  93  7:47  Missile Turret  
  95  7:53  Barracks Reactor  
  95  7:54  SCV  
  95  7:58  SCV  
  97  8:01  Supply Depot, Marine x3  
  97  8:02  Supply Depot, Marauder x2, Factory Reactor  
  97  8:03  SCV  
  97  8:04  Refinery  
  105  8:06  Refinery, SCV  
  105  8:10  SCV  
  107  8:19  Terran Infantry Weapons Level 2  
  109  8:20  Marauder  
  109  8:21  SCV  
  109  8:23  SCV  
  106  8:34  SCV  
  106  8:38  Marine x4  
  106  8:39  Marauder x2  
  116  8:41  Marauder  
  116  8:44  Supply Depot  
  116  8:45  Supply Depot  
  112  8:49  SCV  
  112  8:51  SCV  
  112  8:54  SCV  
  103  8:56  Marine  
  103  9:00  Marauder  
  103  9:01  Marine x3, SCV  
  103  9:02  Marine  
  104  9:04  SCV  
  105  9:11  SCV  
  105  9:14  Terran Infantry Armor Level 2  
  106  9:20  SCV  
  100  9:24  SCV  
  100  9:28  SCV  
  100  9:30  Marine x3  
  100  9:31  Marauder x2, Marine  
  107  9:32  Widow Mine x2  
  107  9:33  Medivac  
  113  9:40  SCV  
  113  9:42  Ghost Academy  
  113  9:44  SCV  
  116  9:49  Medivac  
  116  9:51  Marine x2  
  116  9:52  SCV  
  121  9:53  Marine x2  
  121  9:55  SCV  
  123  10:03  Marine x2, Medivac  
  123  10:04  Missile Turret  
  123  10:05  Widow Mine  
  123  10:06  SCV  
  130  10:07  Missile Turret  
  130  10:12  SCV x2  
  132  10:20  Widow Mine, Enhanced Shockwaves  
  134  10:26  SCV x2  
  134  10:28  Marine x3  
  137  10:32  Supply Depot x2  
  139  10:36  Supply Depot x2  
  139  10:40  Terran Infantry Weapons Level 3  
  126  10:55  Marauder, Marine x4  
  126  10:56  Marauder x2, Viking x2  
  130  11:12  Marine  
  130  11:13  Marine  
  130  11:18  Barracks x2  
  132  11:19  Command Center, Barracks  
  132  11:23  Marine  
  132  11:24  Marauder  
  135  11:30  Neosteel Armor  
  134  11:39  Marine  
  131  11:40  Marauder x2, Marine x2  
  131  11:45  Marauder  
  135  11:58  Marine x3  
  137  12:02  Ghost x2  
  141  12:11  SCV x2  
  141  12:14  Marine, Viking  
  141  12:15  Viking  
  146  12:17  SCV  
  146  12:18  Barracks Tech Lab x3  
  146  12:21  Supply Depot  
  146  12:22  Supply Depot  
  145  12:23  SCV  
  145  12:25  Ghost  
  145  12:26  Marine x2  
  145  12:27  Marine  
  145  12:29  SCV  
  152  12:30  Personal Cloaking  
  152  12:31  Terran Ship Weapons Level 1  
  150  12:42  Ghost x4  
  158  12:44  Missile Turret  
  158  12:48  SCV x2  
  160  12:51  Planetary Fortress  
  160  12:55  Sensor Tower  
  160  12:57  Marauder x2  
  152  13:25  Marine x5  
  152  13:26  Marauder x4, Viking x2  
  169  13:51  Marine, Ghost  
  169  13:52  Marauder x2, Marine  
  169  13:55  Command Center  
  177  13:56  Viking x2  
  181  14:08  Marine  
  181  14:09  Marauder  
  150  14:28  Marine, Medivac  
  150  14:29  Marauder x2  
  140  14:32  Medivac  
  140  14:37  Marine x5  
  140  14:38  Marauder x2  
  142  14:46  Marine  
  142  14:50  Marauder  
  142  14:51  Marauder  
Show
View Real Time Build Order
Export as new Build Order

Semper Protoss - Winner!

Build Orders: 1 Gate Expand, Blink Stalkers 

Get SALT Encoding   

  12  0:00  Probe  
  13  0:13  Probe  
  14  0:17  Pylon  
  14  0:24  Probe  
  15  0:32  Probe  
  15  0:37  Gateway  
  15  0:40  Probe  
  16  0:46  Assimilator  
  17  0:51  Probe  
  18  1:03  Probe  
  19  1:15  Probe  
  20  1:26  Cybernetics Core  
  20  1:31  Nexus  
  20  1:35  Probe  
  21  1:42  Pylon  
  21  1:49  Probe  
  21  1:51  Assimilator  
  21  1:52  Adept  
  22  2:01  Probe  
  23  2:02  Warp Gate  
  25  2:12  Stalker  
  25  2:13  Probe  
  28  2:30  Probe  
  29  2:40  Probe  
  29  2:41  Twilight Council  
  29  2:42  Probe  
  31  2:46  Stalker  
  31  2:48  Blink, Probe  
  33  2:54  Probe  
  35  3:04  Probe  
  36  3:06  Probe  
  36  3:12  Gateway  
  37  3:16  Probe  
  37  3:19  Probe  
  39  3:25  Pylon  
  39  3:28  Probe  
  39  3:31  Probe  
  39  3:33  Robotics Facility  
  41  3:40  Probe  
  42  3:43  Probe  
  43  3:51  Sentry  
  43  3:52  Probe  
  43  3:55  Probe  
  47  3:56  Pylon  
  47  4:02  Phoenix  
  47  4:04  Assimilator, Probe  
  47  4:05  Pylon  
  47  4:08  Nexus  
  48  4:14  Probe  
  48  4:15  Stalker  
  49  4:20  Stalker  
  49  4:22  Observer  
  52  4:24  Probe  
  53  4:31  Pylon  
  53  4:34  Probe  
  53  4:36  Probe  
  55  4:38  Stalker  
  55  4:45  Forge  
  58  4:46  Stalker, Pylon  
  58  4:47  Probe  
  61  4:55  Immortal  
  61  4:57  Gateway  
  61  5:02  Shield Battery  
  61  5:06  Sentry  
  64  5:16  Stalker  
  64  5:21  Probe  
  63  5:23  Probe  
  63  5:27  Probe  
  47  5:35  Probe x2  
  45  5:41  Protoss Ground Armor Level 1  
  45  5:42  Stalker x2  
  51  5:45  Probe  
  51  5:47  Probe  
  51  5:48  Probe  
  53  5:56  Charge  
  54  5:57  Probe x2  
  54  6:01  Probe  
  57  6:09  Probe  
  58  6:11  Probe  
  58  6:14  Stalker x2  
  63  6:19  Probe  
  63  6:21  Probe  
  63  6:31  Probe  
  58  6:36  Zealot  
  58  6:37  Probe  
  61  6:40  Gateway, Immortal  
  61  6:44  Probe  
  61  6:45  Gateway  
  62  6:51  Zealot  
  62  6:52  Probe x2, Zealot  
  70  6:55  Gateway  
  70  6:58  Gateway  
  70  7:05  Probe x2  
  70  7:07  Probe  
  73  7:10  Warp Prism  
  73  7:17  Sentry, Probe  
  73  7:18  Sentry, Zealot  
  82  7:25  Probe  
  82  7:26  Pylon  
  82  7:28  Probe  
  84  7:31  Pylon  
  84  7:33  Gateway  
  84  7:38  Zealot x2  
  84  7:40  Zealot x2  
  84  7:42  Protoss Ground Armor Level 2  
  84  7:43  Observer  
  92  7:51  Probe  
  94  7:52  Zealot x2  
  94  7:56  Shield Battery  
  98  8:02  Robotics Bay  
  98  8:04  Probe x3  
  98  8:05  Pylon  
  101  8:08  Zealot x2  
  101  8:10  Observer  
  106  8:16  Probe  
  106  8:17  Pylon  
  107  8:20  Pylon  
  107  8:37  Zealot  
  107  8:38  Zealot x7  
  123  8:43  Colossus, Extended Thermal Lance, Probe x2  
  121  8:49  Probe  
  125  8:55  Probe x2  
  125  9:01  Nexus  
  114  9:11  Probe  
  114  9:14  Zealot x5  
  125  9:27  Probe  
  125  9:30  Colossus  
  125  9:31  Probe  
  123  9:32  Assimilator  
  123  9:36  Assimilator  
  123  9:37  Robotics Facility  
  119  9:38  Shield Battery  
  119  9:40  Pylon  
  119  9:41  Pylon  
  119  9:43  Forge  
  119  9:45  Pylon  
  125  9:55  Zealot x5  
  135  10:02  Photon Cannon, Probe  
  135  10:03  Probe  
  135  10:05  Pylon  
  137  10:11  Templar Archives  
  137  10:18  Protoss Ground Weapons Level 1  
  137  10:21  Colossus  
  137  10:23  Nexus  
  137  10:24  Probe x2  
  135  10:29  Shield Battery  
  135  10:32  Pylon  
  141  10:38  Zealot x4, Protoss Ground Armor Level 3  
  141  10:39  Zealot  
  134  10:51  Zealot x3  
  132  10:59  Probe  
  129  11:06  Stalker x5  
  137  11:12  Gateway  
  137  11:13  Gateway, Probe  
  137  11:18  Disruptor  
  138  11:19  Stalker x2  
  138  11:21  Observer  
  138  11:25  Zealot  
  148  11:34  Zealot x3  
  148  11:38  Zealot x2  
  142  11:44  Probe x4  
  142  11:45  Pylon  
  146  11:47  Zealot  
  145  12:01  Stalker, Observer  
  145  12:02  Stalker x4  
  154  12:11  Probe  
  154  12:12  Probe  
  154  12:13  Zealot x4  
  162  12:18  Disruptor  
  165  12:32  Zealot  
  165  12:33  Zealot x6  
  179  12:40  Pylon  
  179  12:42  Protoss Ground Weapons Level 2  
  179  12:43  Pylon  
  179  12:44  Dark Shrine  
  179  12:52  Disruptor  
  179  12:53  Disruptor  
  179  12:56  Assimilator  
  185  13:09  Zealot x4  
  185  13:10  Zealot x4  
  196  13:14  Pylon  
  188  13:28  Gateway, Disruptor x2  
  188  13:31  Gateway  
  188  13:32  Pylon  
  194  13:37  Pylon  
  187  13:41  Zealot x4  
  187  13:42  Zealot  
  187  13:46  High Templar x2  
  193  13:50  Nexus  
  193  13:54  Unknown  
  193  13:58  Archon  
  189  14:04  Disruptor  
  189  14:09  Disruptor  
  182  14:12  Zealot x7  
  171  14:30  Zealot x4  
  160  14:40  Dark Templar x2  
  160  14:41  Dark Templar  
  160  14:44  Nexus  
  164  14:49  Zealot x4, Pylon  
  170  15:13  Zealot x6  
  170  15:14  Zealot x2  
Tags
 
Add a new tag
Caveats
  • Supply blocks, unpowered buildings, or Contaminate may cause inaccurate times.
  • Supply counts are checked every 10 seconds.